 Dungeon Crawl Stone Soup version 0.23.2-1-ga50397a6bc (webtiles) character file.

Game seed: 11116096325146230597

1231 Mrkan the Spear-Bearer (level 8, -8/73 HPs)
             Began as a Minotaur Fighter on May 19, 2019.
             Was a Follower of Makhleb.
             Mangled by Menkaure (17 damage)
             ... on level 5 of the Dungeon.
             The game lasted 00:06:35 (3429 turns).

Mrkan the Spear-Bearer (Minotaur Fighter)           Turns: 3429, Time: 00:06:35

Health: -8/73      AC:  6    Str: 22    XL:     8   Next: 24%
Magic:  9/9        EV:  7    Int:  5    God:    Makhleb [*.....]
Gold:   251        SH:  9    Dex: 11    Spells: 7/7 levels left

rFire    . . .     SeeInvis .   a - +0 trident
rCold    . . .     Gourm    .   c - +0 shield
rNeg     . . .     Faith    .   b - +0 scale mail
rPois    .         Spirit   .   (helmet restricted)
rElec    .         Reflect  .   (no cloak)
rCorr    .         Harm     .   (no gloves)
MR       .....                  (no boots)
Stlth    ..........             (no amulet)
HPRegen  0.22/turn              (no ring)
MPRegen  0.11/turn              (no ring)

@: no status effects
A: retaliatory headbutt, horns 2
a: Renounce Religion


You were on level 5 of the Dungeon.
You worshipped Makhleb.
Makhleb was aware of your devotion.
You were not hungry.

You visited 1 branch of the dungeon, and saw 5 of its levels.

You collected 251 gold pieces.

Inventory:

Hand Weapons
 a - a +0 trident (weapon)
Armour
 b - a +0 scale mail (worn)
 c - a +0 shield (worn)
 u - a scarf of cloud immunity
Jewellery
 q - an uncursed ring of resist corrosion
 B - a cursed -5 ring of evasion {unknown}
Scrolls
 e - a scroll of magic mapping {unknown}
 i - a scroll of identify
 m - 2 scrolls of amnesia {unknown}
 n - 3 scrolls of noise {unknown}
 o - 3 scrolls of teleportation {unknown}
 p - 2 scrolls of fear {unknown}
 s - 6 scrolls of remove curse {unknown}
 v - a scroll of fog {unknown}
 x - a scroll of immolation {unknown}
 y - a scroll of enchant armour {unknown}
Potions
 d - a potion of might
 g - 2 potions of brilliance {unknown}
 h - 3 potions of lignification
 j - 2 potions of curing {unknown}
 k - 3 potions of heal wounds
 l - 2 potions of flight {unknown}
 r - 2 potions of degeneration {unknown}
 t - a potion of resistance {unknown}
 w - a potion of haste {unknown}
 A - a potion of invisibility
Comestibles
 f - 8 rations


   Skills:
 + Level 7.1 Fighting
 * Level 9.2 Polearms
 - Level 3.6 Armour
 - Level 3.6 Shields
 + Level 3.8 Invocations


You had 7 spell levels left.
You didn't know any spells.
Your spell library contained the following spells:

 Spells                   Type           Power        Failure   Level  Hunger
 Animate Skeleton         Necr           N/A          99%         1    ##.....
 Corona                   Hex            #......      99%         1    ##.....
 Pain                     Necr           #...         99%         1    ##.....
 Ensorcelled Hibernation  Hex/Ice        #.....       100%        2    ###....
 Confuse                  Hex            #.......     100%        3    ####...
 Dazzling Spray           Conj/Hex       #.....       100%        3    ####...
 Regeneration             Chrm/Necr      #.........   100%        3    ####...
 Tukima's Dance           Hex            #.......     100%        3    ####...
 Vampiric Draining        Necr           #.........   100%        3    ####...
 Animate Dead             Necr           N/A          100%        4    #####..


Dungeon Overview and Level Annotations

Branches:
Dungeon (5/15)             Temple (0/1) D:5

Altars:
Makhleb
Zin
The Shining One

Annotations:
D:5 Menkaure


Innate Abilities, Weirdness & Mutations

You reflexively headbutt those who attack you in melee.
You have a pair of horns on your head.


Message History

Menkaure seems to speed up.
You block Sigmund's attack.
You hit Sigmund.
Sigmund is severely wounded.
You puncture Sigmund!
Sigmund is almost dead.
Sigmund barely misses you.
You puncture Sigmund!
You kill Sigmund!
Makhleb accepts your kill.
Menkaure calls on the powers of darkness!
Your body is wracked with pain!
* * * LOW HITPOINT WARNING * * *
Menkaure calls on the powers of darkness!
Your body is wracked with pain!
* * * LOW HITPOINT WARNING * * *
Things that are here:
a +0 scythe; a +0 robe; the human corpse of Sigmund You hit Menkaure but do no damage.
You block Menkaure's attack.
You hit Menkaure but do no damage. Menkaure hits you!
You die...

####### #######.
...##### ##.... #.
#.:...$###### ##...# #.
#............ .#...## #.
#...?........
.#.).##.#.##......[..^..
>.........)#............
.#########.#..(.........
................@M......
.<...#####.##.#.########
.....## #.##†#.# ......#
#.##.#.#### .....>#
#.........# ..#...#
##........### ..#...#
#.......... ###...#
#........##### #...#
#............#


You could see Menkaure.

Vanquished Creatures
  A hippogriff (D:4)
  Sigmund (D:5)
  An ice beast (D:5)
  2 phantoms (D:4)
  2 ogres
  A bullfrog (D:4)
  A crimson imp (D:5)
  A bullfrog skeleton (D:5)
  3 orc wizards
  3 worker ants
  Robin (D:4)
  A gnoll (D:1)
  5 adders
  3 oozes
  An adder skeleton (D:4)
  3 worms
  4 dart slugs
  5 leopard geckos
  10 orcs
  5 ball pythons
  10 giant cockroaches
  26 goblins
  9 hobgoblins
  11 jackals
  7 kobolds
  A quokka (D:5)
  12 bats
  4 frilled lizards
  A jackal skeleton (D:4)
  A quokka skeleton (D:5)
  15 rats
151 creatures vanquished.

Notes
Turn   | Place    | Note
-------+----------+-------------------------------------------
     0 | D:1      | Mrkan the Minotaur Fighter began the quest for the Orb.
     0 | D:1      | Reached XP level 1. HP: 19/19 MP: 0/0
    39 | D:1      | Reached skill level 3 in Polearms
    57 | D:1      | Reached XP level 2. HP: 20/27 MP: 1/1
   140 | D:1      | Reached XP level 3. HP: 16/33 MP: 2/2
   190 | D:1      | Reached skill level 4 in Polearms
   615 | D:2      | Reached XP level 4. HP: 40/41 MP: 3/3
  1184 | D:2      | Reached skill level 5 in Polearms
  1704 | D:3      | Reached XP level 5. HP: 31/47 MP: 4/4
  1779 | D:3      | Reached skill level 5 in Fighting
  2235 | D:3      | Reached skill level 6 in Polearms
  2271 | D:3      | Found a burning altar of Makhleb.
  2277 | D:3      | Became a worshipper of Makhleb the Destroyer
  2302 | D:4      | Noticed a phantom
  2320 | D:4      | Noticed Robin
  2342 | D:4      | Killed a phantom
  2342 | D:4      | Reached skill level 1 in Invocations
  2342 | D:4      | Reached XP level 6. HP: 53/56 MP: 5/5
  2359 | D:4      | Killed Robin
  2526 | D:4      | Found a glowing golden altar of the Shining One.
  2579 | D:4      | Found a glowing silver altar of Zin.
  2609 | D:4      | Reached skill level 7 in Polearms
  2620 | D:4      | Reached * piety under Makhleb
  2679 | D:4      | Noticed a hippogriff
  2691 | D:4      | Killed a hippogriff
  2691 | D:4      | Reached XP level 7. HP: 11/63 MP: 7/7
  2809 | D:4      | Reached skill level 8 in Polearms
  3142 | D:5      | Entered Level 5 of the Dungeon
  3205 | D:5      | Found a staircase to the Ecumenical Temple.
  3243 | D:5      | Reached XP level 8. HP: 67/71 MP: 9/9
  3409 | D:5      | Reached skill level 9 in Polearms
  3416 | D:5      | Noticed Sigmund
  3418 | D:5      | Noticed Menkaure
  3426 | D:5      | Killed Sigmund
  3429 | D:5      | Mangled by Menkaure

Skill      XL: |  1  2  3  4  5  6  7  8 |
---------------+-------------------------+-----
Polearms       | 3 4 5 6 7 8 9 |  9.2
Fighting       | 4 5 6 7 |  7.1
Invocations    | 1 2 3 |  3.8
Armour         | |  3.6
Shields        | |  3.6

Action                   |  1- 3 |  4- 6 |  7- 9 || total
-------------------------+-------+-------+-------++-------
Melee: Trident           |    77 |   238 |    91 ||   406
       Headbutt          |     8 |    34 |    16 ||    58
  Use: Scroll            |       |       |     4 ||     4
  Eat: Chunk             |       |     6 |     3 ||     9
Armor: Scale mail        |    41 |    96 |    21 ||   158
Dodge: Dodged            |    26 |    63 |    26 ||   115
Block: Shield            |    43 |   154 |    34 ||   231
